 Dungeon Crawl Stone Soup version 0.14-a0-1330-g3eed206 (webtiles) character file.

195 PolkaDot the Cutter (level 5, 0/39 HPs)
             Began as a Vampire Death Knight on Dec 6, 2013.
             Was a Believer of Yredelemnul.
             Slain by miro's ghost (6 damage)
             ... on Level 3 of the Dungeon.
             The game lasted 00:08:42 (3060 turns).

PolkaDot the Cutter (Vampire Death Knight)          Turns: 3060, Time: 00:08:42

HP   0/39        AC  3     Str 12      XL: 5   Next: 10%
MP   6/6         EV 12     Int 13      God: Yredelemnul [**....]
Gold 45          SH  0     Dex 14      Spells:  0 memorised,  4 levels left

rFire  . . .     SeeInvis +     a - +1 short sword
rCold  . . .     Clarity  .     b - +0 leather armour
rNeg   + + .     Conserve .     (no shield)
rPois  .         rCorr    .     (no helmet)
rElec  .         rRot     .     (no cloak)
SustAb . .       Spirit   .     (no gloves)
rMut   .         Warding  .     (no boots)
Saprov . . .     Stasis   .     (no amulet)
                                i - ring of positive energy {unknown}
                                g - ring of flight

@: mildly poisoned, slightly resistant to hostile enchantments, unstealthy
A: fangs 3, see invisible, unbreathing
a: Bat Form, Animate Remains, Recall Undead Slaves, Injury Mirror, Renounce
Religion, Evoke Flight


You were on level 3 of the Dungeon.
You worshipped Yredelemnul.
Yredelemnul was pleased with you.
You were not thirsty.

You visited 1 branch of the dungeon, and saw 3 of its levels.

You collected 45 gold pieces.

Inventory:

Hand weapons
 a - a +1,+1 short sword (weapon)
Armour
 b - a +0 leather armour (worn)
Scrolls
 d - a scroll of curse jewellery {unknown}
 e - 3 scrolls of remove curse {unknown}
 h - a scroll of immolation {unknown}
 j - a scroll of enchant armour {unknown}
 k - a scroll of random uselessness {unknown}
 m - a scroll of enchant weapon I {unknown}
 n - a scroll of identify
Jewellery
 g - a ring of flight (left hand)
 i - a ring of positive energy (right hand) {unknown}
Potions
 c - 2 potions of curing
 f - a potion of restore abilities {unknown}
 l - a potion of might {unknown}


   Skills:
 + Level 2.7 Fighting
 * Level 4.1 Short Blades
 - Level 0.7 Armour
 * Level 3.3 Dodging
 - Level 2.4 Invocations


You had 4 spell levels left.
You didn't know any spells.

Dungeon Overview and Level Annotations

Branches:
Dungeon (3/16)

Altars:

Annotations:
D:3 miro's ghost, average DEWz


Innate Abilities, Weirdness & Mutations

You have razor-sharp teeth.*
You have supernaturally acute eyesight.
You can survive without breathing.*


Message History

You feel sick.
Your rat skeleton completely misses miro's ghost.
Your rat skeleton closely misses miro's ghost.
The white imp misses you.
You see here a bat skeleton.
You hit miro's ghost. You bite miro's ghost.
Miro's ghost is moderately damaged.
Miro's ghost gestures at you while chanting.
The magic dart hits you!
* * * LOW HITPOINT WARNING * * *
The white imp closely misses you.
You hit miro's ghost but do no damage.
Miro's ghost is moderately damaged.
* * * LOW HITPOINT WARNING * * *
You feel sick. Miro's ghost hits you.
* * * LOW HITPOINT WARNING * * *
Your rat skeleton barely misses miro's ghost.
Miro's ghost hits you.
You die...
Yredelemnul claims you as an undead slave.

... #... ..... #(... #....
#.#.# #.#.# #.#.# #.#.#
#.#(# #
######.#.#######@#%#.##.##
...............5p........#
.......#.#######z........#
...>...#.#......)........#
.....#.#.#.......>.......
.....#.#.#............!..
......z..................
.....#.#.#............(.
.....#.#.#######.......


You could see miro's ghost, a white imp and a friendly rat skeleton.

Vanquished Creatures
  5 adders
  A giant mite (D:2)
  2 worms (D:2)
  3 giant geckos
  2 giant cockroaches (D:2)
  5 goblins
  10 hobgoblins
  10 jackals
  8 kobolds
  6 bats
  2 giant newts
  6 rats
60 creatures vanquished.

Vanquished Creatures (collateral kills)
  A worm zombie (D:3)
  2 adders (D:2)
  A bat (D:3)
  4 jackals (D:1)
  A rat (D:1)
9 creatures vanquished.

Vanquished Creatures (others)
  A worm zombie (D:2)
  2 adder zombies
  2 bat zombies
  A giant gecko skeleton (D:1)
  A goblin zombie (D:3)
  A hobgoblin skeleton (D:1)
  4 jackal zombies
  5 kobold zombies
17 creatures vanquished.

Grand Total: 86 creatures vanquished

Notes
Turn   | Place    | Note
--------------------------------------------------------------
     0 | D:1      | PolkaDot, the Vampire Death Knight, began the quest for the Orb.
     0 | D:1      | Reached XP level 1. HP: 16/16 MP: 1/1
   114 | D:1      | Reached XP level 2. HP: 19/22 MP: 2/2
   820 | D:1      | Reached XP level 3. HP: 15/27 MP: 2/4
  1098 | D:1      | Reached skill level 3 in Short Blades
  1574 | D:2      | Acquired Yredelemnul's second power
  1710 | D:2      | Reached XP level 4. HP: 34/34 MP: 5/5
  2749 | D:3      | Reached skill level 4 in Short Blades
  2930 | D:3      | Reached XP level 5. HP: 27/39 MP: 3/6
  3028 | D:3      | Noticed miro's ghost (average DEWz)
  3060 | D:3      | Slain by miro's ghost

Action                   |  1- 3 |  4- 6 || total
-------------------------+-------+-------++-------
Melee: Short sword       |   139 |   125 ||   264
Invok: Animate Remains   |    17 |    12 ||    29
  Use: Potion            |     1 |     1 ||     2
       Scroll            |     3 |       ||     3
 Stab: Distracted        |       |     1 ||     1
